 Dungeon Crawl Stone Soup version 0.18.1-48-g4cf74bf (webtiles) character file.

2508478 PeterLawrence the Conqueror (level 27, 190/190 (191) HPs)
             Began as a Minotaur Fighter on June 28, 2016.
             Was the Champion of Makhleb.
             Escaped with the Orb
             ... and 4 runes on June 29, 2016!
             The game lasted 03:52:08 (73786 turns).

PeterLawrence the Conqueror (Minotaur Fighter)     Turns: 73786, Time: 03:52:09

HP:   190/190 (191) AC: 40    Str: 29      XL:     27
MP:   32/32         EV: 36    Int:  2 (4)  God:    Makhleb [******]
Gold: 7227          SH: 37    Dex: 34      Spells: 0 memorised, 55 levels left

rFire  + . .     SeeInvis .     r - +12 morningstar "Woogasoa" {crush, Dex+4}
rCold  x . .     Gourm    .     U - +10 plate armour of Twilight {rPois rN++ rCorr Str+3}
rNeg   + + +     Faith    .     x - +8 large shield {reflect}
rPois  +         Spirit   .     l - +1 hat {Int+3}
rElec  +         Dismiss  .     R - +0 cloak "Tiqyo" {-Cast rN+ MR+}
rCorr  +         Reflect  +     h - +2 pair of gloves of Proximity {*Confuse rN+ Slay+4}
SustAt .         Harm     .     X - +0 pair of boots "Uphawit" {MR+ Slay+6}
MR     +++..     Rnd*Rage +     P - amulet of regeneration
Stlth  .......... Rnd*Tele +    V - ring of Noojygh {rPois Str+5 Dex+3} NoCast +
                                Y - ring of Xom's Entertainment {Fire rElec MR- Str+2 Dex+8}

@: extremely resistant to hostile enchantments, extremely unstealthy
A: retaliatory headbutt, horns 2, slimy green scales 1, yellow scales 1, berserk
3, blurry vision 3, clumsy 1, deformed body, deterioration 2, dopey 2, frail 3,
low mp 2, screaming 1, teleportitis 3, weak 2, no device heal 3, MP-powered
wands
a: Minor Destruction, Lesser Servant of Makhleb, Major Destruction, Greater
Servant of Makhleb, Renounce Religion
0: Orb of Zot
}: 4/15 runes: decaying, serpentine, slimy, silver


You escaped.
You worshipped Makhleb.
Makhleb was exalted by your worship.
You were very hungry.

You visited 14 branches of the dungeon, and saw 63 of its levels.
You visited the Abyss 1 time.
You visited 1 bazaar.
You visited 1 ziggurat, and saw 15 of its levels.
You also visited: Ice Cave.

You collected 11818 gold pieces.
You spent 4591 gold pieces at shops.

Inventory:

Hand Weapons
 r - the +12 morningstar "Woogasoa" (weapon) {crush, Dex+4}
   (You bought it in a shop on level 4 of the Dungeon)

   It inflicts extra damage upon your enemies.
   It affects your dexterity (+4).
 s - a +9 eveningstar of holy wrath
 F - the +9 flail "Nacoumm" {speed, rPois Str+3 Int+2 Stlth+}
   (Okawaru gifted it to you on level 2 of the Vaults)

   Attacks with this weapon are significantly faster.
   It affects your strength (+3).
   It affects your intelligence (+2).
   It protects you from poison.
   It makes you more stealthy.
 N - the +8 hand crossbow "Ytep" {speed, rPois MR+ Str+6}
   (You found it on level 7 of the Lair of Beasts)

   Attacks with this weapon are significantly faster.
   It affects your strength (+6).
   It protects you from poison.
   It affects your resistance to hostile enchantments.
Missiles
 M - 787 bolts (quivered)
Armour
 a - the +9 ice dragon armour "Gyevit" {rElec rF- rC++ Dex+3}
   (You found it on level 10 of a ziggurat)

   It affects your dexterity (+3).
   It makes you vulnerable to fire.
   It greatly protects you from cold.
   It insulates you from electricity.
 h - the +2 pair of gloves of Proximity (worn) {*Confuse rN+ Slay+4}
   (Okawaru gifted it to you on level 4 of the Vaults)

   It affects your accuracy and damage with ranged weapons and melee attacks
   (+4).
   It protects you from negative energy.
   It may confuse you when you take damage.
 l - a +1 hat of intelligence (worn)
 q - a +3 gold dragon armour
 x - a +8 large shield of reflection (worn)
 R - the +0 cloak "Tiqyo" (worn) {-Cast rN+ MR+}
   (You found it on level 8 of the Lair of Beasts)

   It protects you from negative energy.
   It affects your resistance to hostile enchantments.
   It prevents spellcasting.
 U - the +10 plate armour of Twilight (worn) {rPois rN++ rCorr Str+3}
   (You bought it in a shop on level 4 of the Vaults)

   It affects your strength (+3).
   It protects you from poison.
   It greatly protects you from negative energy.
   It protects you from acid and corrosion.
 X - the +0 pair of boots "Uphawit" (worn) {MR+ Slay+6}
   (Okawaru gifted it to you on level 5 of the Vaults)

   It affects your accuracy and damage with ranged weapons and melee attacks
   (+6).
   It affects your resistance to hostile enchantments.
Jewellery
 g - the ring "Vewnell" {rC+ rN+ Int+4, unknown}
   (You took it off a death knight on level 3 of the Abyss)

   [ring of positive energy]

   It affects your intelligence (+4).
   It protects you from cold.
   It protects you from negative energy.
 i - the ring of Xium {rC+ Str+5}
   (You found it on level 6 of the Pits of Slime)

   [ring of protection from cold]

   It affects your strength (+5).
   It protects you from cold.
 o - the ring of Sebig {SustAt Str+4}
   (You took it off a deep elf archer on level 3 of the Elven Halls)

   [ring of sustain attributes]

   It sustains your strength, intelligence and dexterity.
   It affects your strength (+4).
 z - the ring of Qiroh {+Fly rPois rF+ MR+}
   (You found it on level 3 of the Depths)

   [ring of flight]

   It protects you from fire.
   It protects you from poison.
   It affects your resistance to hostile enchantments.
   It lets you fly.
 J - the amulet "Kymyngaz" {Faith Int+2 Dex+4}
   (You found it on level 15 of a ziggurat)

   [amulet of faith]

   It allows you to gain divine favour quickly.
   It affects your intelligence (+2).
   It affects your dexterity (+4).
 P - an amulet of regeneration (around neck)
 V - the ring of Noojygh (right hand) {rPois Str+5 Dex+3}
   (You took it off a deep elf high priest on level 3 of the Elven Halls)

   [ring of poison resistance]

   It affects your strength (+5).
   It affects your dexterity (+3).
   It protects you from poison.
 Y - the ring of Xom's Entertainment (left hand) {Fire rElec MR- Str+2 Dex+8}
   (You found it on level 9 of a ziggurat)

   [ring of fire]

   It enhances your fire magic, and weakens your ice magic.
   It affects your strength (+2).
   It affects your dexterity (+8).
   It protects you from fire.
   It makes you vulnerable to cold.
   It insulates you from electricity.
   It affects your resistance to hostile enchantments.
Wands
 c - a wand of hasting (3/9)
 k - a wand of teleportation (5/9)
 u - a wand of disintegration (4/24)
 D - a wand of digging (6/24)
 E - a wand of hasting (4/9)
 Z - a wand of heal wounds (5/9)
Scrolls
 b - 8 scrolls of magic mapping
 d - 47 scrolls of remove curse
 e - 6 scrolls of identify
 v - 26 scrolls of teleportation
 w - 4 scrolls of silence
 y - 12 scrolls of recharging
 I - 8 scrolls of enchant weapon
 O - 9 scrolls of blinking
 Q - a scroll of holy word
 S - 2 scrolls of summoning
Potions
 j - 23 potions of curing
 n - 6 potions of cancellation
 p - 2 potions of invisibility
 t - 2 potions of resistance
 B - 7 potions of agility
 H - 9 potions of heal wounds
 K - 4 potions of haste
 T - 8 potions of might
Comestibles
 f - 30 bread rations
 m - 32 meat rations


   Skills:
 O Level 27 Fighting
 - Level 16.1 Maces & Flails
 - Level 11.0 Crossbows
 O Level 27 Armour
 O Level 27 Dodging
 O Level 27 Shields
 + Level 14.7 Spellcasting
 - Level 20.1 Invocations
 - Level 13.2 Evocations


You had 55 spell levels left.
You didn't know any spells.

Dungeon Overview and Level Annotations

Branches:
Dungeon (15/15)            Temple (1/1) D:6            Lair (8/8) D:8
  Swamp (4/4) Lair:4        Snake (4/4) Lair:6        Slime (6/6) Lair:8
    Orc (2/2) D:10            Elf (3/3) Orc:2        Vaults (5/5) D:13
  Crypt (3/3) Vaults:3       Tomb (1/3) Crypt:3      Depths (5/5) D:15
   Hell (1/1)                 Dis (0/7) Hell            Geh (0/7) Hell
    Coc (0/7) Hell            Tar (0/7) Hell            Zot (5/5) Depths:5

Altars:
Ashenzari
Dithmenos
Elyvilon
Gozag
Kikubaaqudgha
Makhleb
Nemelex Xobeh
Okawaru
Pakellas
Ru
Sif Muna
Trog
Vehumet
Xom
Yredelemnul
Zin
The Shining One
Jiyva

Shops:
D:3 *   D:4 *(!*}   D:6 %   D:10 (   D:12 *   Orc:2 *%(   Elf:3 =   Vaults:4 [
Depths:1 *

Portals:
Hell: Lair:8 Depths:1 Depths:2 Depths:3 Depths:4 Depths:5
Abyss: Depths:2 Depths:4
Pandemonium: Orc:2 Depths:1 Depths:2 Depths:3

Annotations:
D:7 4 runed doors


Innate Abilities, Weirdness & Mutations

You reflexively headbutt those who attack you in melee.
You have a pair of horns on your head.
You are partially covered in slimy green scales (AC +2).
You are partially covered in yellow scales (AC +2).
You have an uncontrollable temper.
Scrolls take you much longer to read.
You are clumsy. (Dex -2)
Armour fits poorly on your strangely shaped body.
Your body often deteriorates upon taking damage.
You are very dopey. (Int -4)
You are extremely frail (-30% HP).
Your magical capacity is very low (-20% MP).
You occasionally shout uncontrollably at your foes.
You are often teleported next to monsters.
You are very weak. (Str -4)
Potions and wands cannot restore your health.
You expend magic power (3 MP) to strengthen your wands.


Message History

The Orb Guardian is severely wounded.
You block the Orb Guardian's attack.
You bludgeon the Orb Guardian!!
You kill the Orb Guardian!
Makhleb accepts your kill.
No target in view!
Unknown command.
Unknown command.
Drink which item? (? for menu, Esc to quit)
Slimy green scales grow over part of your body.
You feel fantastic!
Unknown command.
A great orb of eyes comes into view.
You bludgeon the great orb of eyes!! You headbutt the great orb of eyes!!
The great orb of eyes is severely wounded.
You splatter the great orb of eyes into a gooey mess!!!
You kill the great orb of eyes!
Makhleb accepts your kill.
There is a staircase leading out of the dungeon here.
You have escaped!

......# #.# #####.#
###################### # #.#
#...≈.##.§≈≈#.#.#....## #####.#
#.>.).##.#.....#).#..#.
#...#.#####≈....##.####..#####.##
#...#....#######..#.#.###.#.#.##.
......##.# ####≈.##.#...#.#≈#.#.
########.# ##.##....###.####≈#.#.
#........###.#.#@...####.#.##.##.
#.#####...........###..#.#...###.
#.# #..#####.#..#...#.#..##....
#.# #..# ###.##.####.##...####
#.# #.## #.##§≈##...###§≈.≈#
#.#####.#####.#..#..###.#.≈#..###
...........###.##..##..##...##...
(###.......###.#################.
........................+........


There were no monsters in sight!

Vanquished Creatures
  the Royal Jelly (Slime:6)
  5 orbs of fire
  12 ancient liches
  Khufu (Crypt:3)
  Mennas (Vaults:4)
  A pandemonium lord (D:15)
  A juggernaut (Depths:4)
  3 greater mummies (Crypt:3)
  Boris (Vaults:4)
  2 Killer Klowns (Zot:5)
  Margery (Depths:5)
  Saint Roka (Crypt:2)
  Norris (Depths:2)
  Geryon (Hell)
  13 golden dragons
  A curse toe (Zot:4)
  2 caustic shrikes (Zig:11)
  A profane servitor (Abyss:5)
  3 iron giants
  the Enchantress (Depths:3)
  8 bone dragons
  A Tzitzimitl (Zot:4)
  Jory (Depths:4)
  Xtahua (Crypt:3)
  4 electric golems
  23 tentacled monstrosities
  4 hellephants
  Jorgrun (Elf:2)
  An Ice Fiend (IceCv)
  31 Orb Guardians
  3 Hell Sentinels
  Rupert (Lair:5)
  8 liches
  8 deep elf blademasters
  2 quicksilver dragons
  11 deep elf master archers
  14 acid blobs
  2 ancient champions
  8 death cobs
  Kirke (Lair:8)
  22 titans
  7 Executioners
  31 tentacled starspawn
  4 sphinxes
  16 storm dragons
  3 tengu reavers
  Roxanne (Swamp:1)
  11 shadow dragons
  15 greater nagas
  9 azure jellies
  26 fire giants
  3 revenants
  A daeva (Abyss:5)
  9 draconian knights
  A draconian monk (Zot:4)
  6 cacodemons
  An emperor scorpion (Zig:9)
  2 draconian scorchers
  10 frost giants
  7 deep elf sorcerers
  4 iron dragons
  7 draconian zealots
  2 balrugs
  2 orc warlords
  Aizul (Snake:1)
  3 ghost moths
  Louise (Swamp:3)
  8 curse skulls
  12 vault wardens
  6 draconian annihilators
  An angel (Depths:1)
  5 draconian shifters
  5 deep elf elementalists
  7 caustic shrike skeletons
  4 spriggan defenders (Depths:3)
  3 ghouls (Crypt:2)
  6 reapers
  35 very ugly things
  14 ironheart preservers
  An ophan (Abyss:5)
  15 vampire knights
  8 war gargoyles
  2 juggernaut skeletons
  28 stone giants
  Nessos (Lair:7)
  6 draconian callers
  5 salamander stormcallers
  11 black draconians
  12 green draconians
  15 deep elf demonologists
  16 deep elf annihilators
  11 red draconians
  2 lorocyprocas (Abyss:5)
  5 dire elephants
  14 purple draconians
  14 yellow draconians
  15 white draconians
  13 mottled draconians
  8 spark wasps
  5 green deaths
  The ghost of Aelig the Black Sun, a journeyman DsSk of Kikubaaqudgha (Lair:8)
  4 deep elf death magi
  13 ettins
  Josephine (Lair:4)
  8 eidola
  An ettin (shapeshifter) (Depths:4)
  A merfolk impaler (Depths:2)
  4 death oozes
  A mummy priest (Tomb:1)
  27 vault guards
  7 blizzard demons
  3 crystal guardians
  15 jiangshi
  14 yaktaur captains
  20 ogre magi
  20 fire dragons
  A quicksilver dragon skeleton (Abyss:1)
  11 rakshasas
  A kraken zombie (Hell)
  9 spriggan air magi
  Harold (Lair:2)
  13 ice dragons
  16 great orbs of eyes
  13 deep elf high priests
  4 entropy weavers
  19 naga warriors
  Erolcha (D:8)
  2 ghost crabs
  13 anacondas
  14 hydras
  8 centaur warriors
  6 deep troll shamans
  8 death knights
  13 alligators
  8 death yaks
  58 thrashing horrors
  34 dancing weapons
  8 spriggan berserkers
  6 hell hogs
  8 tengu warriors
  A hell hog (shapeshifter) (Zig:3)
  10 vampire magi
  4 deep troll earth magi
  17 naga sharpshooters
  A titan zombie (Crypt:3)
  10 sun demons
  6 orc high priests
  45 deep elf knights
  16 hell knights
  9 shock serpents
  A storm dragon zombie (Depths:4)
  A titan skeleton (Zig:12)
  78 large abominations
  36 skeletal warriors
  29 wretched stars
  Sonja (Lair:4)
  8 soul eaters
  4 iron golems
  A death drake (Abyss:5)
  A fire crab (shapeshifter) (Vaults:2)
  2 iron trolls (Hell)
  6 salamander mystics
  5 unseen horrors
  A death drake (shapeshifter) (Depths:4)
  8 death scarabs (Tomb:1)
  9 giant orange brains
  18 deep trolls
  A spark wasp zombie (Zig:12)
  15 naga ritualists
  6 spatial maelstroms
  2 anaconda zombies
  10 ironbrand convokers
  A tengu zombie (Depths:4)
  21 phantasmal warriors
  4 shadow wraiths
  A storm dragon skeleton (Crypt:3)
  A shadow demon (Abyss:3)
  10 spriggan druids
  6 swamp dragons
  17 flayed ghosts
  5 hill giants
  A spectral hydra (Swamp:4)
  7 harpies
  14 orc knights
  A wolf spider zombie (D:15)
  3 obsidian statues
  14 mana vipers
  A harpy (shapeshifter) (D:15)
  36 deep elf archers
  A mana viper (shapeshifter) (Abyss:5)
  4 iron dragon zombies
  4 orb spiders
  11 necromancers
  2 shambling mangroves
  2 orb spiders (shapeshifter)
  7 wizards
  2 fire giant zombies
  2 stone giant zombies
  2 oklob plants
  121 deep elf magi
  14 worldbinders
  2 hornets
  A sphinx skeleton (Vaults:3)
  8 griffons
  15 orc sorcerers
  6 shining eyes
  2 iron dragon skeletons
  45 ugly things
  2 frost giant zombies
  A manticore (Depths:3)
  2 hornets (shapeshifter)
  3 tengu skeletons
  6 wolf spiders
  13 sixfirhies
  2 centaur zombies (D:12)
  2 fire giant skeletons
  8 cyclopes
  A stone giant skeleton (Crypt:1)
  27 moths of wrath
  12 vault sentinels
  30 elephants
  An elephant (shapeshifter) (Vaults:4)
  A shock serpent zombie (Crypt:3)
  A manticore (shapeshifter) (D:15)
  8 rust devils
  2 black mambas (shapeshifter)
  9 apocalypse crabs
  6 centaur skeletons
  3 ice statues (IceCv)
  An elf zombie (Zig:12)
  15 salamanders
  2 frost giant skeletons
  An alligator snapping turtle zombie (Crypt:1)
  41 black mambas
  23 naga magi
  44 smoke demons
  A dire elephant zombie (Crypt:3)
  14 guardian serpents
  7 hellions
  2 molten gargoyles (Hell)
  An elephant slug zombie (Crypt:2)
  5 eyes of devastation
  Psyche (D:11)
  8 orange demons
  5 torpor snails
  7 gargoyles
  19 spiny frogs
  3 rime drakes
  9 efreet
  A human zombie (Vaults:3)
  6 demonic crawlers
  26 ice devils
  2 anaconda simulacra (IceCv)
  9 komodo dragons
  62 yaktaurs
  17 freezing wraiths
  28 ancient zymes
  A kobold demonologist (Elf:1)
  A guardian mummy (Zot:1)
  5 tormentors
  A black draconian skeleton (Crypt:1)
  4 tengu conjurers
  4 swamp worm zombies (Swamp:4)
  2 golden dragon simulacra
  A mottled draconian skeleton (Crypt:2)
  7 trolls
  7 hellwings
  7 giant leeches
  2 yaktaur skeletons
  7 red devils
  2 polar bears
  A polar bear (shapeshifter) (Vaults:4)
  A troll (shapeshifter) (D:15)
  A hydra skeleton (Hell)
  A shadow dragon simulacrum (Abyss:5)
  A slime creature (shapeshifter) (Vaults:4)
  A wind drake (shapeshifter) (Depths:2)
  Prince Ribbit (D:6)
  A jumping spider (shapeshifter) (Vaults:1)
  28 two-headed ogres
  9 bog bodies
  8 jumping spiders
  28 blink frogs
  5 hydra zombies
  72 slime creatures
  81 raiju
  2 spriggan zombies
  10 boulder beetles
  4 alligator zombies
  A stone giant simulacrum (Vaults:3)
  A spectral swamp dragon (Swamp:4)
  An ushabti (Tomb:1)
  2 frost giant simulacra
  4 ice dragon zombies
  13 water elementals
  Sigmund (D:5)
  A fire dragon skeleton (Crypt:1)
  38 flying skulls
  3 spriggan skeletons
  10 ynoxinuls
  17 redbacks
  9 air elementals
  8 shadows
  24 wraiths
  2 ettin skeletons
  49 spriggans
  4 tarantellas
  9 vampires
  A human (shapeshifter) (D:15)
  2 basilisks (shapeshifter)
  A hog (Lair:8)
  3 wyverns
  2 hippogriffs (shapeshifter)
  A dire elephant simulacrum (IceCv)
  3 fire bats (Abyss:3)
  7 fire elementals
  7 hungry ghosts
  3 basilisks
  5 golden eyes
  56 yaks
  A golden eye (shapeshifter) (Elf:2)
  21 vampire mosquitoes
  3 human simulacra
  15 hippogriffs
  21 neqoxecs
  13 chaos spawn
  A wind drake skeleton (Crypt:1)
  73 nagas
  7 spatial vortices
  A warg (shapeshifter) (Depths:5)
  32 insubstantial wisps
  A mottled dragon (D:12)
  2 wargs (Vaults:4)
  2 harpy simulacra (IceCv)
  23 swamp worms
  3 hydra simulacra (IceCv)
  A faun zombie (Crypt:1)
  6 hell hounds
  A spiny frog zombie (Hell)
  17 water moccasins
  A giant eyeball (shapeshifter) (Abyss:3)
  2 giant eyeballs
  14 porcupines
  10 swamp drakes
  43 orc warriors
  2 black bears (shapeshifter)
  A snapping turtle zombie (Crypt:3)
  An anubis guard zombie (Crypt:1)
  A fire dragon simulacrum (Abyss:3)
  32 wasps
  The ghost of nikopol the Skirmisher, an amateur MiBe of Trog (D:3)
  An alligator simulacrum (Hell)
  An ettin simulacrum (IceCv)
  An eye of draining (shapeshifter) (D:15)
  61 ogres
  4 black bears
  3 necrophages
  4 swamp dragon zombies (Swamp:4)
  4 sky beasts
  4 ice beasts
  13 eyes of draining
  6 boggarts
  11 phantoms
  11 centaurs
  6 wolves
  A crocodile (shapeshifter) (Depths:1)
  23 crocodiles
  2 big kobolds
  38 small abominations
  5 earth elementals
  22 giant frogs
  A tengu simulacrum (Depths:1)
  A salamander skeleton (Crypt:2)
  4 scorpions
  5 killer bees (D:12)
  A swamp dragon simulacrum (Abyss:4)
  An elf simulacrum (Vaults:4)
  A snapping turtle simulacrum (Crypt:1)
  24 wights
  6 electric eels
  3 howler monkeys
  8 crimson imps
  2 giant frog zombies
  161 starcursed masses
  27 jellies
  2 quasits
  A basilisk zombie (Crypt:2)
  6 hounds
  A giant frog skeleton (D:9)
  2 gnoll shamans
  24 orc priests
  A hound (shapeshifter) (Depths:5)
  23 orc wizards
  8 iron imps
  A human skeleton (Abyss:5)
  10 iguanas
  2 spectral swamp drakes (Swamp:4)
  10 worker ants
  A lightning spire (Zig:12)
  13 sheep
  A mottled dragon zombie (Crypt:1)
  A demigod skeleton (Crypt:2)
  An ogre zombie (Crypt:2)
  A hound zombie (Crypt:1)
  2 hound skeletons (D:4)
  2 worker ant zombies (D:9)
  9 adders
  13 gnolls
  53 river rats
  4 swamp drake zombies (Swamp:4)
  A shadow imp (D:5)
  20 white imps
  2 ufetubi
  3 oozes
  An iguana skeleton (Crypt:2)
  An iguana zombie (Crypt:2)
  An adder skeleton (D:7)
  2 dart slugs
  7 worms
  4 giant geckos
  89 orcs
  3 ball pythons
  5 giant cockroaches
  11 goblins
  10 hobgoblins
  13 jackals
  4 quokkas
  10 bats
  5 giant newts
  A goblin skeleton (Crypt:2)
  A jackal skeleton (D:5)
  13 kobolds
  A quokka zombie (D:5)
  14 rats
  A rat zombie (Crypt:2)
  3 crawling corpses (Elf:3)
  5 fire vortices (Abyss:5)
  A fulminant prism (Snake:4)
  A fungus (Lair:7)
  2 lurking horrors (Abyss:5)
  19 starspawn tentacles
  6 tentacles
  A tentacle segment (Hell)
4240 creatures vanquished.

Vanquished Creatures (collateral kills)
  A deep elf blademaster (Zig:6)
  A deep elf archer (Zig:6)
  A deep elf mage (Zig:6)
  A moth of wrath (Zot:1)
  A worldbinder (Zig:6)
5 creatures vanquished.

Vanquished Creatures (others)
  A deep elf master archer (Zig:10)
  A thorn hunter (Lair:4)
  The ghost of juanjsm the Eclecticist, an adept SpEn of Okawaru (Snake:4)
  A tengu reaver (Vaults:5)
  A draconian scorcher (Zot:3)
  A deep elf elementalist (Abyss:5)
  A draconian annihilator (Zig:13)
  A war gargoyle (Zig:11)
  2 stone giants
  2 yellow draconians
  A yaktaur captain (Depths:5)
  A centaur warrior (Depths:1)
  An alligator (Swamp:3)
  A dancing weapon (Elf:3)
  An ogre mage (Vaults:1)
  A shock serpent (Snake:3)
  2 deep elf knights
  A salamander mystic (Abyss:5)
  A death scarab (Tomb:1)
  4 deep elf archers
  2 deep elf magi
  A cyclops (Depths:3)
  A moth of wrath (Zot:1)
  A smoke demon (Abyss:5)
  2 large abominations (Abyss:5)
  3 yaktaurs
  A hellwing (Abyss:5)
  A tormentor (Zig:12)
  2 raiju (Abyss:5)
  A tarantella (shapeshifter) (Zot:1)
  2 humans (Lair:8)
  A basilisk (Abyss:5)
  2 golden eyes (Abyss:5)
  A chaos spawn (Abyss:5)
  A neqoxec (Abyss:5)
  An insubstantial wisp (Swamp:1)
  9 small abominations
  A wasp (Swamp:2)
  An eye of draining (Abyss:5)
  An ogre (Depths:2)
  A crimson imp (Abyss:5)
  A starcursed mass (Abyss:5)
  2 river rats
  A white imp (Abyss:5)
  An ufetubus (Abyss:3)
  A giant cockroach (shapeshifter) (Abyss:5)
  2 fire vortices (Abyss:5)
  2 fulminant prisms (Snake:4)
  7 fungi
  9 lost souls
  7 lurking horrors
  7 plants
  89 starspawn tentacles
  794 starspawn tentacle segments
  11 tentacles
  942 tentacle segments
  15 withered plants (Crypt:3)
1953 creatures vanquished.

Grand Total: 6198 creatures vanquished

Notes
Turn   | Place    | Note
--------------------------------------------------------------
     0 | D:1      | PeterLawrence the Minotaur Fighter began the quest for the Orb.
     0 | D:1      | Reached XP level 1. HP: 19/19 MP: 0/0
   111 | D:1      | Reached XP level 2. HP: 27/27 MP: 1/1
   758 | D:1      | Reached XP level 3. HP: 33/33 MP: 2/2
  1481 | D:2      | Reached XP level 4. HP: 40/40 MP: 3/3
  2031 | D:3      | Reached XP level 5. HP: 34/46 MP: 4/4
  2094 | D:3      | Found Gozag's Platinum Reserve.
  2098 | D:3      | Found an opulent altar of Gozag.
  2119 | D:3      | Noticed nikopol's ghost (amateur MiBe)
  2135 | D:3      | Killed nikopol's ghost
  2440 | D:4      | Reached XP level 6. HP: 43/52 MP: 5/5
  2530 | D:4      | Found Lyteg's General Store.
  2539 | D:4      | Found Nily's General Store.
  2550 | D:4      | Bought a scroll of enchant weapon for 82 gold pieces
  2550 | D:4      | Bought a scroll of remove curse for 33 gold pieces
  2561 | D:4      | Bought a scroll of teleportation for 33 gold pieces
  2577 | D:4      | Found Gaow's Distillery.
  2815 | D:4      | Found Cutaoruc's Antique Weapon Boutique.
  2820 | D:4      | Found a shadowy altar of Dithmenos.
  2905 | D:4      | Found Ihimucvi's Gadget Boutique.
  3116 | D:5      | Entered Level 5 of the Dungeon
  3121 | D:5      | Reached XP level 7. HP: 58/59 MP: 6/6
  3251 | D:5      | Found a glowing golden altar of the Shining One.
  3397 | D:5      | Found a white marble altar of Elyvilon.
  3430 | D:5      | Reached skill level 10 in Maces & Flails
  3536 | D:5      | Reached XP level 8. HP: 52/66 MP: 7/7
  3673 | D:5      | Noticed Sigmund
  3685 | D:5      | Killed Sigmund
  3774 | D:5      | Found an oddly glowing altar of Pakellas.
  3871 | D:6      | Reached skill level 5 in Fighting
  3938 | D:6      | Got a scintillating tin ring
  3939 | D:6      | Identified the ring of Gocko {Fire +Fly MP+9} (You found it on level 6 of the Dungeon)
  3944 | D:6      | Found a radiant altar of Vehumet.
  4125 | D:6      | Found Uzxekoff's Food Boutique.
  4138 | D:6      | Found a shimmering altar of Xom.
  4234 | D:6      | Noticed Prince Ribbit
  4241 | D:6      | Reached XP level 9. HP: 71/82 MP: 8/8
  4250 | D:6      | Killed Prince Ribbit
  4512 | D:6      | Reached skill level 10 in Fighting
  4532 | D:6      | Found a staircase to the Ecumenical Temple.
  4541 | Temple   | Entered the Ecumenical Temple
  4563 | Temple   | Became a worshipper of Warmaster Okawaru
  4705 | D:7      | Found a huge runed gate.
  4706 | D:7      | Found a huge runed gate.
  4707 | D:7      | Found a huge runed gate.
  4707 | D:7      | Noticed a polar bear
  4707 | D:7      | Noticed a polar bear
  4707 | D:7      | Noticed a polar bear
  4708 | D:7      | Noticed a polar bear
  4708 | D:7      | Found a huge runed gate.
  4708 | D:7      | Noticed a polar bear
  4717 | D:7      | Noticed a polar bear
  5177 | D:7      | Found a shattered altar of Ashenzari.
  5202 | D:7      | Reached skill level 5 in Dodging
  5610 | D:8      | Noticed Erolcha
  5622 | D:8      | Killed Erolcha
  5622 | D:8      | Reached * piety under Okawaru
  5720 | D:8      | Reached XP level 10. HP: 56/93 MP: 9/9
  6189 | D:8      | Found a staircase to the Lair.
  6577 | D:9      | Reached skill level 1 in Invocations
  6693 | D:9      | Reached ** piety under Okawaru
  6703 | D:9      | Reached skill level 5 in Armour
  7095 | D:10     | Entered Level 10 of the Dungeon
  7307 | D:10     | Found Gommaaga's Antique Weapon Shoppe.
  7424 | D:10     | You fall through a shaft for 3 floors!
  7470 | D:12     | Noticed a cyclops
  7474 | D:12     | Noticed a cyclops
  7481 | D:12     | Killed a cyclops
  7481 | D:12     | Reached *** piety under Okawaru
  7495 | D:12     | Killed a cyclops
  7495 | D:12     | Reached skill level 10 in Armour
  7495 | D:12     | Reached XP level 11. HP: 57/99 MP: 9/11
  7667 | D:11     | Noticed Psyche
  7673 | D:11     | Killed Psyche
  7673 | D:11     | Reached skill level 5 in Shields
  7937 | D:11     | Reached **** piety under Okawaru
  8332 | D:4      | Bought a +4 plate armour of fire resistance for 550 gold pieces
  8437 | Lair:1   | Entered Level 1 of the Lair of Beasts
  8642 | Lair:1   | Reached ***** piety under Okawaru
  8709 | Lair:1   | Reached skill level 5 in Invocations
  8736 | Lair:1   | Received a gift from Okawaru
  9263 | Lair:2   | Noticed a griffon
  9277 | Lair:2   | Killed a griffon
  9476 | Lair:2   | Noticed Harold
  9500 | Lair:2   | Killed Harold
  9538 | Lair:2   | Reached XP level 12. HP: 79/106 MP: 12/17
 10357 | Lair:3   | Noticed a five-headed hydra
 10365 | Lair:3   | Killed a five-headed hydra
 10490 | Lair:3   | Found a glowing silver altar of Zin.
 10929 | Lair:4   | Noticed Sonja
 10947 | Lair:4   | Killed Sonja
 11060 | Lair:4   | Noticed Josephine
 11175 | Lair:4   | Found a staircase to the Swamp.
 11402 | Lair:4   | Killed Josephine
 12023 | Lair:5   | Noticed a seven-headed hydra
 12030 | Lair:5   | Killed a seven-headed hydra
 12030 | Lair:5   | Received a gift from Okawaru
 12036 | Lair:5   | Noticed a six-headed hydra
 12044 | Lair:5   | Reached skill level 15 in Maces & Flails
 12051 | Lair:5   | Killed a six-headed hydra
 12134 | Lair:5   | Reached XP level 13. HP: 62/113 MP: 18/18
 12469 | Lair:5   | Noticed Rupert
 12506 | Lair:5   | Killed Rupert
 13878 | Lair:6   | Received a gift from Okawaru
 13995 | Lair:6   | Reached skill level 10 in Shields
 14669 | Lair:6   | Found a staircase to the Snake Pit.
 15436 | D:4      | Bought a brightly glowing morningstar for 261 gold pieces
 15436 | D:4      | Identified the +12 morningstar "Woogasoa" {crush, Dex+4} (You bought it in a shop on level 4 of the Dungeon)
 15443 | D:4      | Bought a scroll of identify for 22 gold pieces
 15443 | D:4      | Bought a scroll of identify for 22 gold pieces
 15458 | D:4      | Bought a potion of haste for 130 gold pieces
 15458 | D:4      | Bought a potion of curing for 39 gold pieces
 15703 | Lair:7   | Noticed Nessos
 15719 | Lair:7   | Killed Nessos
 16011 | Lair:7   | You fall through a shaft!
 16011 | Lair:8   | Entered Level 8 of the Lair of Beasts
 16052 | Lair:8   | Found a burning altar of Makhleb.
 16077 | Lair:8   | Reached XP level 14. HP: 97/122 MP: 13/19
 16079 | Lair:8   | Received a gift from Okawaru
 16120 | Lair:8   | Got a bloodstained eveningstar {god gift}
 16124 | Lair:8   | Found a gateway to Hell.
 16133 | Lair:8   | Got a faintly humming cloak
 16143 | Lair:8   | Identified the +0 cloak "Tiqyo" {-Cast rN+ MR+} (You found it on level 8 of the Lair of Beasts)
 16591 | Lair:8   | Identified the +8 eveningstar "Popn" {flame, *Drain +Rage rC+ Str+4} (Okawaru gifted it to you on level 8 of the Lair of Beasts)
 16745 | Lair:8   | Noticed Kirke
 16753 | Lair:8   | Killed Kirke
 16753 | Lair:8   | Received a gift from Okawaru
 16771 | Lair:8   | Noticed Aelig's ghost (journeyman DsSk)
 16785 | Lair:8   | Killed Aelig's ghost
 16963 | Lair:7   | Got an iridescent hand crossbow
 16964 | Lair:7   | Identified the +8 hand crossbow "Ytep" {speed, rPois MR+ Str+6} (You found it on level 7 of the Lair of Beasts)
 17333 | Lair:8   | Reached skill level 1 in Crossbows
 17428 | Lair:8   | Received a gift from Okawaru
 17511 | Lair:8   | Found a staircase to the Slime Pits.
 18212 | D:10     | Reached skill level 5 in Crossbows
 18352 | D:10     | Found a staircase to the Orcish Mines.
 18387 | Orc:1    | Entered Level 1 of the Orcish Mines
 18811 | Orc:2    | Entered Level 2 of the Orcish Mines
 18973 | Orc:2    | Found a staircase to the Elven Halls.
 19360 | Orc:2    | Received a gift from Okawaru
 19367 | Orc:2    | Found Ihacwefo's General Store.
 19383 | Orc:2    | Found Yqofefie's Food Boutique.
 19417 | Orc:2    | Reached XP level 15. HP: 130/139 MP: 16/20
 19447 | Orc:2    | Gained mutation: Your magical capacity is low (-10% MP). [a neqoxec]
 19784 | Orc:2    | Bought a scroll of blinking for 120 gold pieces
 19784 | Orc:2    | Bought a meat ration for 80 gold pieces
 19825 | Orc:2    | Reached ****** piety under Okawaru
 19887 | Orc:2    | Found Viren's Antique Weapon Emporium.
 19887 | Orc:2    | Found Oduxox's Book Shoppe.
 19887 | Orc:2    | Found a one-way gate leading to the halls of Pandemonium.
 20090 | Orc:2    | Bought a bread ration for 55 gold pieces
 20090 | Orc:2    | Bought a meat ration for 55 gold pieces
 20090 | Orc:2    | Bought a bread ration for 55 gold pieces
 20090 | Orc:2    | Bought a bread ration for 55 gold pieces
 20090 | Orc:2    | Bought a bread ration for 55 gold pieces
 20090 | Orc:2    | Bought a meat ration for 55 gold pieces
 20090 | Orc:2    | Bought a royal jelly for 22 gold pieces
 20090 | Orc:2    | Bought a bread ration for 55 gold pieces
 20183 | D:11     | Received a gift from Okawaru
 20227 | D:12     | Found Otygeu's General Store.
 20242 | D:12     | Bought a scroll of enchant weapon for 112 gold pieces
 20242 | D:12     | Bought a scroll of blinking for 112 gold pieces
 20242 | D:12     | Bought a scroll of identify for 30 gold pieces
 20278 | D:12     | Reached skill level 10 in Dodging
 21330 | D:13     | Received a gift from Okawaru
 21877 | D:13     | Found a gate to the Vaults.
 22070 | D:14     | Received a gift from Okawaru
 22130 | D:14     | Found a flickering gateway to a bazaar.
 22136 | D:14     | Received a gift from Okawaru
 22158 | Bazaar   | Entered a bazaar
 22169 | Bazaar   | Found Dalinwe's Jewellery Boutique.
 22173 | Bazaar   | Found Kiku's Book Boutique.
 22173 | Bazaar   | Found Qaps's Distillery.
 22173 | Bazaar   | Found Ranwiuco's Gadget Boutique.
 22190 | Bazaar   | Bought a potion of beneficial mutation for 315 gold pieces
 22190 | Bazaar   | Bought a potion of heal wounds for 45 gold pieces
 22190 | Bazaar   | Bought a potion of invisibility for 72 gold pieces
 22190 | Bazaar   | Bought a potion of might for 36 gold pieces
 22190 | Bazaar   | Bought a potion of might for 36 gold pieces
 22198 | Bazaar   | Bought the ring of Varaan {SustAt MR+} for 361 gold pieces
 22429 | D:14     | Found Azugamug's Gadget Emporium.
 22431 | D:14     | Received a gift from Okawaru
 22606 | D:15     | Entered Level 15 of the Dungeon
 22789 | D:15     | Received a gift from Okawaru
 23100 | D:15     | Reached XP level 16. HP: 147/147 MP: 19/19
 23158 | D:15     | Received a gift from Okawaru
 23206 | D:15     | Found a staircase to the Depths.
 23526 | D:15     | Found an oddly glowing altar of Pakellas.
 23947 | Swamp:1  | Entered Level 1 of the Swamp
 23957 | Swamp:1  | Noticed a thorn hunter
 23981 | Lair:4   | Killed a thorn hunter
 24108 | Lair:4   | Received a gift from Okawaru
 24209 | Swamp:1  | Reached skill level 15 in Shields
 24453 | Swamp:1  | Received a gift from Okawaru
 24582 | Swamp:1  | Noticed Roxanne
 24601 | Swamp:1  | Killed Roxanne
 24870 | Swamp:1  | Reached skill level 15 in Fighting
 24954 | Swamp:1  | Gained mutation: You are resistant to hostile enchantments. [potion of mutation]
 24954 | Swamp:1  | Gained mutation: You have a pair of large horns on your head. [potion of mutation]
 24954 | Swamp:1  | Gained mutation: Your spells are a little easier to cast, but a little less powerful. [potion of mutation]
 25410 | Swamp:2  | Noticed a tentacled monstrosity
 25417 | Swamp:2  | Killed a tentacled monstrosity
 25417 | Swamp:2  | Received a gift from Okawaru
 25510 | Swamp:2  | Found a frozen archway.
 25548 | IceCv    | Entered an ice cave
 25830 | IceCv    | Noticed an Ice Fiend
 25838 | IceCv    | Killed an Ice Fiend
 25939 | IceCv    | Received a gift from Okawaru
 26309 | Swamp:2  | Gained mutation: Your movements are slightly less encumbered by armour (ER -2). [potion of beneficial mutation]
 26634 | Swamp:3  | Noticed Louise
 26653 | Swamp:3  | Killed Louise
 26929 | Swamp:3  | Reached XP level 17. HP: 161/161 MP: 20/20
 27113 | Swamp:3  | Received a gift from Okawaru
 27402 | Swamp:4  | Entered Level 4 of the Swamp
 28194 | Swamp:4  | Noticed a bone dragon
 28218 | Swamp:4  | Killed a bone dragon
 28218 | Swamp:4  | Received a gift from Okawaru
 28218 | Swamp:4  | Reached skill level 15 in Armour
 28401 | Swamp:4  | Got a decaying rune of Zot
 28594 | Snake:1  | Entered Level 1 of the Snake Pit
 28873 | Snake:1  | Received a gift from Okawaru
 28965 | Snake:1  | Noticed Aizul
 28977 | Snake:1  | Killed Aizul
 29228 | Snake:1  | Found a runed door.
 30230 | Snake:1  | Reached skill level 10 in Crossbows
 30800 | Snake:2  | Received a gift from Okawaru
 31221 | Snake:3  | Received a gift from Okawaru
 31521 | Snake:3  | Reached XP level 18. HP: 159/168 MP: 21/21
 31896 | Snake:4  | Entered Level 4 of the Snake Pit
 31905 | Snake:4  | Received a gift from Okawaru
 32243 | Snake:4  | Reached skill level 15 in Dodging
 32287 | Snake:4  | Got a brightly glowing marble ring
 32289 | Snake:4  | Lost intelligence.
 32289 | Snake:4  | Identified the ring "Uloolierhoo" {rElec rPois MP+9 Str+2 Int-5} (You found it on level 4 of the Snake Pit)
 32385 | Snake:4  | Noticed juanjsm's ghost (adept SpEn)
 32406 | Snake:4  | Killed juanjsm's ghost
 32541 | Snake:4  | Got a polished hand crossbow
 32542 | Snake:4  | Identified the +6 hand crossbow "Ilusch" {venom, +Fly Str+5} (You found it on level 4 of the Snake Pit)
 33421 | Snake:4  | Received a gift from Okawaru
 34063 | Snake:4  | Got a serpentine rune of Zot
 34696 | D:4      | Bought a meat ration for 55 gold pieces
 34696 | D:4      | Bought a potion of curing for 33 gold pieces
 34696 | D:4      | Bought a scroll of summoning for 104 gold pieces
 34776 | D:6      | Bought a meat ration for 65 gold pieces
 34776 | D:6      | Bought a meat ration for 65 gold pieces
 34776 | D:6      | Bought a slice of pizza for 19 gold pieces
 34776 | D:6      | Bought a bread ration for 65 gold pieces
 34776 | D:6      | Bought a meat ration for 65 gold pieces
 34776 | D:6      | Bought a meat ration for 65 gold pieces
 34776 | D:6      | Bought a slice of pizza for 19 gold pieces
 34776 | D:6      | Bought a meat ration for 65 gold pieces
 34776 | D:6      | Bought a bread ration for 65 gold pieces
 34947 | Elf:1    | Entered Level 1 of the Elven Halls
 35516 | Elf:1    | Reached XP level 19. HP: 146/177 MP: 21/21
 35995 | Elf:1    | Received a gift from Okawaru
 36543 | Elf:2    | Noticed Jorgrun
 36550 | Elf:2    | Killed Jorgrun
 36790 | Elf:2    | Found a runed gate.
 36790 | Elf:2    | Found a runed gate.
 36792 | Elf:2    | Found a runed gate.
 37462 | Elf:3    | Entered Level 3 of the Elven Halls
 37645 | Elf:3    | Noticed a Tzitzimitl
 37674 | Elf:3    | Received a gift from Okawaru
 37737 | Elf:3    | Received a gift from Okawaru
 38028 | Elf:3    | Found Ixkuem's Jewellery Emporium.
 38341 | Elf:3    | Noticed a Brimstone Fiend
 38359 | Elf:3    | Reached XP level 20. HP: 153/184 MP: 18/22
 38844 | Elf:3    | Got a slimy amber ring
 38890 | Elf:3    | Gained mutation: Your spells are easier to cast, but less powerful. [a neqoxec]
 38892 | Elf:3    | Gained mutation: You expend magic power (3 MP) to strengthen your wands. [a neqoxec]
 38940 | Elf:3    | Got a fine ruby amulet
 38975 | Elf:3    | Got a clouded silver ring
 39018 | Elf:3    | Identified the ring of Sebig {SustAt Str+4} (You took it off a deep elf archer on level 3 of the Elven Halls)
 39020 | Elf:3    | Identified the ring of Noojygh {rPois Str+5 Dex+3} (You took it off a deep elf high priest on level 3 of the Elven Halls)
 39024 | Elf:3    | Identified the amulet of Xom's Malicious Joy {Harm *Drain MR+ Int+2} (You took it off a deep elf archer on level 3 of the Elven Halls)
 39443 | Vaults:1 | Entered Level 1 of the Vaults
 39898 | Vaults:1 | Received a gift from Okawaru
 40055 | Vaults:1 | Received a gift from Okawaru
 40058 | Vaults:1 | Got a pitted hand crossbow {god gift}
 40101 | Vaults:1 | Identified the +6 hand crossbow of Irritation {velocity, rPois rN+ Int-4} (Okawaru gifted it to you on level 1 of the Vaults)
 41089 | Vaults:2 | Received a gift from Okawaru
 41251 | Vaults:2 | Received a gift from Okawaru
 41254 | Vaults:2 | Got a shimmering flail {god gift}
 41255 | Vaults:2 | Identified the +9 flail "Nacoumm" {speed, rPois Str+3 Int+2 Stlth+} (Okawaru gifted it to you on level 2 of the Vaults)
 41789 | Vaults:2 | Reached XP level 21. HP: 198/198 MP: 23/23
 42109 | Vaults:3 | Found a staircase to the Crypt.
 42822 | Vaults:3 | Received a gift from Okawaru
 42836 | Vaults:3 | Got a smoking ring mail {god gift}
 42837 | Vaults:3 | Identified the +5 ring mail of the Slorg {Str+2 Int+3} (Okawaru gifted it to you on level 3 of the Vaults)
 43726 | Vaults:4 | Found Hotatz's Antique Armour Shoppe.
 43731 | Vaults:4 | Bought an encrusted plate armour for 1008 gold pieces
 43741 | Vaults:4 | Identified the +10 plate armour of Twilight {rPois rN++ rCorr Str+3} (You bought it in a shop on level 4 of the Vaults)
 44402 | Vaults:4 | Received a gift from Okawaru
 44456 | Vaults:4 | Got a pair of steaming gloves {god gift}
 44467 | Vaults:4 | Identified the +2 pair of gloves of Proximity {*Confuse rN+ Slay+4} (Okawaru gifted it to you on level 4 of the Vaults)
 44785 | Vaults:4 | Noticed Mennas
 44827 | Vaults:4 | Killed Mennas
 45044 | Vaults:4 | Reached XP level 22. HP: 217/220 MP: 24/24
 45211 | Vaults:5 | Entered Level 5 of the Vaults
 45282 | Vaults:4 | Received a gift from Okawaru
 45954 | Vaults:5 | Noticed Boris
 46006 | Vaults:4 | Killed Boris
 46252 | Vaults:5 | Received a gift from Okawaru
 46517 | Vaults:5 | Received a gift from Okawaru
 46517 | Vaults:5 | Identified a scroll of acquirement
 46534 | Vaults:5 | Got a pair of faintly humming boots {god gift}
 46535 | Vaults:5 | Identified the +0 pair of boots "Uphawit" {MR+ Slay+6} (Okawaru gifted it to you on level 5 of the Vaults)
 46593 | Vaults:5 | Noticed an ancient lich
 46598 | Vaults:5 | Killed an ancient lich
 46620 | Vaults:5 | Got a silver rune of Zot
 46812 | Vaults:5 | Noticed an ancient lich
 46821 | Vaults:5 | Killed an ancient lich
 46928 | Vaults:5 | Reached XP level 23. HP: 228/234 MP: 25/25
 47759 | Depths:1 | Entered Level 1 of the Depths
 47759 | Depths:1 | Found a gateway to a ziggurat.
 47866 | Depths:1 | Received a gift from Okawaru
 48446 | Depths:1 | Found Voum's Demolitions Depot.
 48660 | Depths:2 | Received a gift from Okawaru
 48682 | Depths:2 | Noticed Norris
 48695 | Depths:2 | Killed Norris
 48966 | Depths:2 | Found a one-way gate to the infinite horrors of the Abyss.
 49182 | Depths:2 | Found a runed gate.
 49182 | Depths:2 | Found a runed gate.
 49182 | Depths:2 | Found a runed gate.
 49222 | Depths:2 | Received a gift from Okawaru
 49254 | Depths:2 | Found a runed gate.
 49254 | Depths:2 | Found a runed gate.
 49254 | Depths:2 | Found a runed gate.
 49286 | Depths:2 | Received a gift from Okawaru
 49292 | Depths:2 | Got a transparent shield {god gift}
 49293 | Depths:2 | Identified the +0 shield "Tauloih" {rPois rCorr} (Okawaru gifted it to you on level 2 of the Depths)
 49783 | Depths:3 | Reached XP level 24. HP: 242/242 MP: 25/25
 49916 | Depths:3 | Found a bloodstained altar of Trog.
 50296 | Depths:3 | Noticed the Enchantress
 50326 | Depths:3 | Killed the Enchantress
 50326 | Depths:3 | Received a gift from Okawaru
 50899 | Depths:3 | Got a bound glass ring
 50908 | Depths:3 | Identified the ring of Qiroh {+Fly rPois rF+ MR+} (You found it on level 3 of the Depths)
 50919 | Depths:3 | Got a dazzling flail
 50920 | Depths:3 | Identified the +8 flail of the Ancient Seas {drain, *Noise rC+ MR+ Str+3} (You found it on level 3 of the Depths)
 51333 | Depths:4 | Received a gift from Okawaru
 52046 | Depths:4 | Noticed Jory
 52087 | Depths:4 | HP: 3/242 [balrug/fireball (47)]
 52286 | Depths:4 | Killed Jory
 52337 | Depths:4 | Found a sparkling altar of Nemelex Xobeh.
 52778 | Depths:4 | Noticed a juggernaut
 52791 | Depths:4 | Killed a juggernaut
 52799 | Depths:4 | Reached XP level 25. HP: 250/250 MP: 25/25
 52821 | Depths:4 | Received a gift from Okawaru
 53603 | Slime:1  | Entered Level 1 of the Pits of Slime
 53797 | Slime:6  | Entered Level 6 of the Pits of Slime
 54087 | Slime:6  | Received a gift from Okawaru
 54109 | Slime:6  | Found a viscous altar of Jiyva.
 54112 | Slime:6  | Noticed the Royal Jelly
 54153 | Slime:6  | Killed the Royal Jelly
 54574 | Slime:6  | Got a steaming jade ring
 54575 | Slime:6  | Identified the ring of Xium {rC+ Str+5} (You found it on level 6 of the Pits of Slime)
 54621 | Slime:6  | Got a slimy rune of Zot
 54639 | Slime:6  | Got an encrusted morningstar
 54640 | Slime:6  | Identified the +5 morningstar of Ysuogrozu {drain, Fragile rN++ Dex+3} (You found it on level 6 of the Pits of Slime)
 54814 | Lair:7   | Reached skill level 27 in Fighting
 54901 | Lair:8   | Fell from the grace of Okawaru
 54901 | Lair:8   | Became a worshipper of Makhleb the Destroyer
 55378 | Crypt:1  | Entered Level 1 of the Crypt
 55870 | Crypt:1  | Reached * piety under Makhleb
 56418 | Crypt:1  | Reached ** piety under Makhleb
 56431 | Crypt:1  | Reached skill level 10 in Invocations
 56554 | Crypt:2  | Noticed Saint Roka
 56579 | Crypt:2  | Killed Saint Roka
 56743 | Crypt:2  | Reached *** piety under Makhleb
 57302 | Crypt:3  | Entered Level 3 of the Crypt
 57405 | Crypt:3  | Reached XP level 26. HP: 266/266 MP: 28/28
 57441 | Crypt:3  | Noticed a greater mummy
 57444 | Crypt:3  | Noticed a greater mummy
 57446 | Crypt:3  | Noticed a greater mummy
 57453 | Crypt:3  | Noticed Khufu
 57457 | Crypt:3  | Killed a greater mummy
 57464 | Crypt:3  | Reached **** piety under Makhleb
 58450 | Crypt:3  | Reached ***** piety under Makhleb
 58491 | Crypt:3  | Found a staircase to the Tomb.
 58492 | Crypt:3  | Noticed Xtahua
 58508 | Crypt:3  | Killed Xtahua
 58540 | Crypt:3  | Noticed an ancient lich
 58546 | Crypt:3  | Killed an ancient lich
 58649 | Crypt:3  | Reached skill level 15 in Invocations
 58684 | Crypt:3  | Noticed an ancient lich
 58700 | Crypt:3  | Killed an ancient lich
 58908 | Crypt:3  | Got a faintly glowing ivory ring
 58908 | Crypt:3  | Got a clouded granite ring
 58908 | Crypt:3  | Got a shimmering platinum ring
 58913 | Crypt:3  | Identified the ring of Kutoch {rC+ rN+ Int+5} (You found it on level 3 of the Crypt)
 58915 | Crypt:3  | Identified the ring "Xic Umuz" {rN+ Str+5 Dex-4} (You found it on level 3 of the Crypt)
 58917 | Crypt:3  | Identified the ring "Huudwoo" {rC+ rN+} (You found it on level 3 of the Crypt)
 59072 | Crypt:3  | Killed Khufu
 59074 | Crypt:3  | HP: 13/264 [dire elephant simulacrum[Khufu] (20)]
 59322 | Crypt:3  | Killed a greater mummy
 59331 | Crypt:3  | Killed a greater mummy
 59818 | Tomb:1   | Entered Level 1 of the Tomb of the Ancients
 60668 | Zig:1    | Entered Level 1 of a ziggurat
 60696 | Zig:2    | Entered Level 2 of a ziggurat
 60733 | Zig:3    | Entered Level 3 of a ziggurat
 60758 | Zig:4    | Entered Level 4 of a ziggurat
 60819 | Zig:5    | Entered Level 5 of a ziggurat
 60866 | Zig:5    | Reached XP level 27. HP: 199/273 MP: 30/30
 60870 | Zig:6    | Entered Level 6 of a ziggurat
 60941 | Zig:7    | Entered Level 7 of a ziggurat
 61056 | Zig:8    | Entered Level 8 of a ziggurat
 61094 | Zig:8    | Gained mutation: You are dopey. (Int -2) [a shining eye]
 61096 | Zig:8    | Gained mutation: Your magical capacity is very low (-20% MP). [a shining eye]
 61099 | Zig:8    | Gained mutation: You tend to lose your temper in combat. [a shining eye]
 61162 | Zig:9    | Entered Level 9 of a ziggurat
 61222 | Zig:9    | Got a transparent lapis lazuli ring
 61231 | Zig:9    | Identified the ring of Xom's Entertainment {Fire rElec MR- Str+2 Dex+8} (You found it on level 9 of a ziggurat)
 61255 | Zig:9    | Got a scorched bone ring
 61256 | Zig:9    | Identified the ring of Ugiv {rElec rPois rF+ Str-4 Slay+5} (You found it on level 9 of a ziggurat)
 61434 | Zig:10   | Entered Level 10 of a ziggurat
 61445 | Zig:10   | Gained mutation: You are frail (-10% HP). [a neqoxec]
 61453 | Zig:10   | Paralysed by accursed screaming for 1 turns
 61462 | Zig:10   | Lost intelligence.
 61474 | Zig:10   | Reached ****** piety under Makhleb
 61474 | Zig:10   | Paralysed by accursed screaming for 2 turns
 61486 | Zig:10   | Paralysed by accursed screaming for 1 turns
 61495 | Zig:10   | Gained mutation: You are very dopey. (Int -4) [a neqoxec]
 61517 | Zig:10   | Was forgiven by Okawaru
 61715 | Zig:10   | Got a slimy ruby amulet
 61719 | Zig:10   | Lost mutation: You have a pair of large horns on your head. [potion of cure mutation]
 61719 | Zig:10   | Lost mutation: Your magical capacity is extremely low (-30% MP). [potion of cure mutation]
 61719 | Zig:10   | Lost mutation: You are frail (-10% HP). [potion of cure mutation]
 61719 | Zig:10   | Lost mutation: Your magical capacity is very low (-20% MP). [potion of cure mutation]
 61719 | Zig:10   | Lost mutation: You are very dopey. (Int -4) [potion of cure mutation]
 61719 | Zig:10   | Lost mutation: Your spells are easier to cast, but less powerful. [potion of cure mutation]
 61744 | Zig:10   | Identified the amulet of Niafuxic {Harm *Drain MR+ MP+9 Dex+2} (You found it on level 10 of a ziggurat)
 61972 | Zig:10   | Got a heavily runed ice dragon armour
 61983 | Zig:10   | Identified the +9 ice dragon armour "Gyevit" {rElec rF- rC++ Dex+3} (You found it on level 10 of a ziggurat)
 61998 | Zig:11   | Entered Level 11 of a ziggurat
 62138 | Zig:12   | Entered Level 12 of a ziggurat
 62282 | Zig:13   | Entered Level 13 of a ziggurat
 62478 | Zig:14   | Entered Level 14 of a ziggurat
 62849 | Zig:14   | Lost mutation: Your spells are a little easier to cast, but a little less powerful. [potion of cure mutation]
 62849 | Zig:14   | Lost mutation: Your movements are slightly less encumbered by armour (ER -2). [potion of cure mutation]
 62849 | Zig:14   | Lost mutation: You are dopey. (Int -2) [potion of cure mutation]
 62849 | Zig:14   | Lost mutation: You expend magic power (3 MP) to strengthen your wands. [potion of cure mutation]
 62865 | Zig:14   | Got a pair of heavily runed gloves
 62876 | Zig:14   | Identified the +2 pair of gloves of Lolopaur {rC+} (You found it on level 14 of a ziggurat)
 62898 | Zig:15   | Entered Level 15 of a ziggurat
 63079 | Zig:15   | Got a fine graven amulet
 63080 | Zig:15   | Identified the amulet "Kymyngaz" {Faith Int+2 Dex+4} (You found it on level 15 of a ziggurat)
 63100 | Zig:15   | Got a translucent hand crossbow
 63101 | Zig:15   | Identified the cursed +2 hand crossbow of Jozepp {penet, +Inv rPois} (You found it on level 15 of a ziggurat)
 63164 | Depths:5 | Entered Level 5 of the Depths
 63264 | Depths:5 | Found a gate to the Realm of Zot.
 63380 | Depths:5 | Noticed Margery
 63388 | Depths:5 | Killed Margery
 63587 | Depths:5 | Found a sparkling altar of Nemelex Xobeh.
 64054 | Zot:1    | Entered Level 1 of the Realm of Zot
 64560 | Zot:1    | Noticed an orb of fire
 64570 | Zot:1    | Gained mutation: You are dopey. (Int -2) [an orb of fire]
 64578 | Zot:1    | Killed an orb of fire
 65460 | Zot:2    | Reached skill level 27 in Armour
 66715 | Zot:5    | Entered Level 5 of the Realm of Zot
 67145 | Zot:5    | Noticed an ancient lich
 67152 | Zot:5    | Killed an ancient lich
 67209 | Zot:5    | Noticed an orb of fire
 67212 | Zot:5    | Gained mutation: You expend magic power (3 MP) to strengthen your wands. [an orb of fire]
 67216 | Zot:5    | Gained mutation: Armour fits poorly on your strangely shaped body. [an orb of fire]
 67217 | Zot:5    | Gained mutation: You are occasionally teleported next to monsters. [the power of Zot]
 67217 | Zot:5    | Gained mutation: Your spells are a little easier to cast, but a little less powerful. [the power of Zot]
 67220 | Zot:5    | Killed an orb of fire
 67221 | Zot:5    | Noticed an ancient lich
 67234 | Zot:5    | Killed an ancient lich
 67262 | Zot:5    | Noticed an orb of fire
 67277 | Zot:5    | Killed an orb of fire
 67277 | Zot:5    | Reached skill level 27 in Dodging
 67286 | Zot:5    | Noticed an ancient lich
 67295 | Zot:5    | Killed an ancient lich
 67302 | Zot:5    | Noticed an ancient lich
 67309 | Zot:5    | Killed an ancient lich
 67323 | Zot:5    | Noticed an ancient lich
 67331 | Zot:5    | Gained mutation: You are very dopey. (Int -4) [a cacodemon]
 67336 | Zot:5    | Killed an ancient lich
 67372 | Zot:5    | Noticed an orb of fire
 67389 | Zot:5    | Killed an orb of fire
 67404 | Zot:5    | Reached skill level 27 in Shields
 67421 | Zot:5    | Noticed an ancient lich
 67422 | Zot:5    | Noticed an orb of fire
 67426 | Zot:5    | Noticed an ancient lich
 67443 | Zot:5    | Noticed an ancient lich
 67447 | Zot:5    | Killed an ancient lich
 67456 | Zot:5    | Killed an ancient lich
 67466 | Zot:5    | Gained mutation: Scrolls take you a little longer to read. [an orb of fire]
 67470 | Zot:5    | Killed an orb of fire
 67497 | Zot:5    | Killed an ancient lich
 67515 | Zot:5    | Lost mutation: You are very dopey. (Int -4) [potion of cure mutation]
 67515 | Zot:5    | Lost mutation: You expend magic power (3 MP) to strengthen your wands. [potion of cure mutation]
 67515 | Zot:5    | Lost mutation: Armour fits poorly on your strangely shaped body. [potion of cure mutation]
 67515 | Zot:5    | Lost mutation: Your spells are a little easier to cast, but a little less powerful. [potion of cure mutation]
 67515 | Zot:5    | Lost mutation: Scrolls take you a little longer to read. [potion of cure mutation]
 67515 | Zot:5    | Lost mutation: You tend to lose your temper in combat. [potion of cure mutation]
 67515 | Zot:5    | Lost mutation: You are resistant to hostile enchantments. [potion of cure mutation]
 67724 | Zot:5    | Gained mutation: You expend magic power (3 MP) to strengthen your wands. [a neqoxec]
 68004 | Hell     | Entered the Vestibule of Hell
 68004 | Hell     | Noticed Geryon
 68027 | Hell     | Gained mutation: You are partially covered in yellow scales (AC +2). [a cacodemon]
 68044 | Hell     | Killed Geryon
 68044 | Hell     | Gained mutation: Potions and wands are less effective at restoring your health. [a cacodemon]
 68125 | Hell     | Found a gateway to the freezing wastes of Cocytus.
 68238 | Hell     | Found a gateway to the Iron City of Dis.
 68321 | Hell     | Found a gateway to the ashen valley of Gehenna.
 68337 | Hell     | Reached skill level 5 in Evocations
 68410 | Hell     | Found a gateway to the decaying netherworld of Tartarus.
 68622 | Depths:2 | Voluntarily entered the Abyss.
 68811 | Abyss:3  | Found a corrupted altar of Lugonu.
 69016 | Abyss:3  | Found a corrupted altar of Lugonu.
 69169 | Abyss:3  | Gained mutation: You have supernaturally acute eyesight. [mutagenic glow]
 69222 | Abyss:3  | Gained mutation: You tend to lose your temper in combat. [a cacodemon]
 69266 | Abyss:3  | Reached skill level 10 in Evocations
 69313 | Abyss:3  | Found a corrupted altar of Lugonu.
 69522 | Abyss:3  | Got a coiled marble ring
 69963 | Abyss:4  | Found a corrupted altar of Lugonu.
 70017 | Abyss:4  | Gained mutation: You are weak. (Str -2) [a cacodemon]
 70019 | Abyss:4  | Gained mutation: You are sometimes teleported next to monsters. [a cacodemon]
 70082 | Abyss:5  | Entered Level 5 of the Abyss
 70110 | Abyss:5  | Gained mutation: Potions and wands are poor at restoring your health. [a neqoxec]
 70316 | Abyss:5  | Reached skill level 1 in Spellcasting
 70413 | Abyss:5  | Found a corrupted altar of Lugonu.
 70434 | Abyss:5  | Lost mutation: You have supernaturally acute eyesight. [a neqoxec]
 70474 | Abyss:5  | Gained mutation: Scrolls take you a little longer to read. [a neqoxec]
 70477 | Abyss:5  | Gained mutation: Scrolls take you longer to read. [a neqoxec]
 70478 | Abyss:5  | Gained mutation: Potions and wands cannot restore your health. [a neqoxec]
 70563 | Abyss:5  | Reached skill level 5 in Spellcasting
 70613 | Abyss:5  | Found a corrupted altar of Lugonu.
 70666 | Abyss:5  | Gained mutation: You often lose your temper in combat. [a neqoxec]
 71025 | Abyss:5  | Paralysed by accursed screaming for 1 turns
 71154 | Abyss:5  | Gained mutation: Your magical capacity is low (-10% MP). [a neqoxec]
 71158 | Abyss:5  | Paralysed by accursed screaming for 1 turns
 71259 | Abyss:5  | Paralysed by accursed screaming for 1 turns
 71264 | Abyss:5  | Paralysed by accursed screaming for 2 turns
 71310 | Abyss:5  | Reached skill level 10 in Spellcasting
 71525 | Abyss:5  | Gained mutation: You have an uncontrollable temper. [a neqoxec]
 71526 | Abyss:5  | Gained mutation: Scrolls take you much longer to read. [a neqoxec]
 71623 | Abyss:5  | Gained mutation: Your body sometimes deteriorates upon taking damage. [a neqoxec]
 71670 | Abyss:5  | Gained mutation: Your body often deteriorates upon taking damage. [a neqoxec]
 71674 | Abyss:5  | Gained mutation: You are very dopey. (Int -4) [a neqoxec]
 71757 | Abyss:5  | Paralysed by accursed screaming for 2 turns
 71762 | Abyss:5  | Paralysed by accursed screaming for 2 turns
 72031 | Abyss:5  | Gained mutation: Your magical capacity is very low (-20% MP). [a neqoxec]
 72034 | Abyss:5  | Gained mutation: You occasionally shout uncontrollably at your foes. [a neqoxec]
 72211 | Abyss:5  | Gained mutation: You are frail (-10% HP). [a shining eye]
 72211 | Abyss:5  | Gained mutation: You are often teleported next to monsters. [a cacodemon]
 72220 | Abyss:5  | Gained mutation: You are very weak. (Str -4) [a cacodemon]
 72319 | Abyss:5  | Gained mutation: Armour fits poorly on your strangely shaped body. [a cacodemon]
 72330 | Abyss:5  | Paralysed by accursed screaming for 1 turns
 72335 | Abyss:5  | Paralysed by accursed screaming for 1 turns
 72373 | Abyss:5  | Gained mutation: You are very clumsy. (Dex -4) [a neqoxec]
 72396 | Abyss:5  | Paralysed by accursed screaming for 1 turns
 72405 | Abyss:5  | Paralysed by accursed screaming for 1 turns
 72412 | Abyss:5  | Paralysed by accursed screaming for 1 turns
 72416 | Abyss:5  | Paralysed by accursed screaming for 1 turns
 72462 | Abyss:5  | Paralysed by accursed screaming for 1 turns
 72464 | Abyss:5  | Gained mutation: You are very frail (-20% HP). [a neqoxec]
 72465 | Abyss:5  | Paralysed by accursed screaming for 1 turns
 72465 | Abyss:5  | Gained mutation: You are extremely frail (-30% HP). [a neqoxec]
 72470 | Abyss:5  | Paralysed by accursed screaming for 2 turns
 72500 | Abyss:5  | Lost intelligence.
 72506 | Abyss:5  | Paralysed by accursed screaming for 2 turns
 72514 | Abyss:5  | Paralysed by accursed screaming for 2 turns
 72518 | Abyss:5  | Paralysed by accursed screaming for 2 turns
 72524 | Abyss:5  | Paralysed by accursed screaming for 2 turns
 72528 | Depths:2 | Escaped the Abyss
 73087 | Zot:5    | Got the Orb of Zot
 73360 | D:15     | Noticed Zinoga the pandemonium lord
 73388 | D:15     | Killed Zinoga the pandemonium lord
 73776 | D:1      | Gained mutation: You are partially covered in slimy green scales (AC +2). [potion of beneficial mutation]
 73786 | D:$      | Escaped with the Orb!

Skill      XL: |  1  2  3  4  5  6  7  8  9 10 11 12 13 14 15 16 17 18 19 20 21 22 23 24 25 26 27 |
---------------+----------------------------------------------------------------------------------+-----
Shields        | 4 8 12 13 15 17 22 25 27 | 27.0
Fighting       | 4 8 10 14 17 19 23 25 27 | 27.0
Armour         | 4 10 12 13 16 21 22 23 27 | 27.0
Maces & Flails | 3 4 6 8 10 11 15 16 | 16.1
Dodging        | 7 9 12 14 17 27 | 27.0
Invocations    | 1 8 12 16 20 | 20.1
Crossbows      | 7 9 11 | 11.0
Evocations     | 4 13 | 13.2
Spellcasting   | 14 | 14.7

Action                   |  1- 3 |  4- 6 |  7- 9 | 10-12 | 13-15 | 16-18 | 19-21 | 22-24 | 25-27 || total
-------------------------+-------+-------+-------+-------+-------+-------+-------+-------+-------++-------
Melee: Flail             |    37 |       |       |       |       |       |   597 |  1628 |  2622 ||  4884
       Headbutt          |    19 |    25 |    67 |   313 |   373 |   326 |   407 |   642 |  2130 ||  4302
       Whip              |    83 |   155 |   280 |   941 |   415 |       |       |       |       ||  1874
       Morningstar       |       |       |       |       |   385 |  1104 |   554 |       |  2665 ||  4708
       Eveningstar       |       |       |       |       |   365 |       |       |       |       ||   365
       Hand crossbow     |       |       |       |       |       |     9 |     1 |       |       ||    10
 Fire: Hand crossbow     |       |       |       |       |   200 |   800 |   829 |       |   286 ||  2115
Invok: Heroism           |       |       |       |     8 |     7 |     1 |     2 |     1 |     1 ||    20
       Finesse           |       |       |       |     2 |     6 |     1 |     4 |     2 |     1 ||    16
       Lesser Servant of |       |       |       |       |       |       |       |       |     2 ||     2
       Major Destruction |       |       |       |       |       |       |       |       |     5 ||     5
       Greater Servant o |       |       |       |       |       |       |       |       |     4 ||     4
 Abil: Stop Flying       |       |       |       |       |       |     1 |       |       |       ||     1
Evoke: Wand              |       |       |       |       |       |     2 |     3 |     2 |     5 ||    12
  Use: Potion            |     6 |     2 |     1 |     1 |     4 |    10 |     2 |     4 |    18 ||    48
       Scroll            |     4 |     7 |     5 |     7 |    12 |    19 |    17 |    19 |    27 ||   117
 Stab: Invisible         |       |       |       |       |     5 |       |       |       |     1 ||     6
       Distracted        |       |       |       |       |       |       |       |       |     2 ||     2
       Held in net/web   |       |       |       |       |       |       |       |       |     1 ||     1
       Confused          |       |       |       |       |       |       |       |       |     1 ||     1
       Paralysed         |       |       |       |       |       |       |       |       |     1 ||     1
  Eat: Chunk             |     2 |     5 |     9 |    21 |    15 |     6 |    13 |     9 |     3 ||    83
       Pizza             |       |       |       |     1 |     1 |     2 |     3 |     1 |     1 ||     9
       Royal jelly       |       |       |       |     1 |       |     2 |     5 |     1 |     4 ||    13
       Fruit             |       |       |       |       |    28 |    16 |       |     4 |    16 ||    64
       Beef jerky        |       |       |       |       |     1 |     4 |     3 |     3 |     4 ||    15
       Bread ration      |       |       |       |       |       |     1 |       |       |    10 ||    11
       Meat ration       |       |       |       |       |       |       |       |     1 |     7 ||     8
Armor: Scale mail        |    50 |     8 |       |       |       |       |       |       |       ||    58
       Plate armour      |       |    45 |    68 |   233 |   324 |   424 |   294 |   247 |   838 ||  2473
Dodge: Dodged            |    36 |    14 |    24 |   218 |   366 |   670 |   608 |   457 |  2568 ||  4961
Block: Shield            |    69 |    60 |    82 |   354 |   665 |  1236 |  1196 |   267 |       ||  3929
       Large shield      |       |       |       |       |       |       |       |  1028 |  7093 ||  8121
       Reflection        |       |       |       |       |       |       |       |    76 |   289 ||   365
